Map: [ESL] Site Delta

Players

Reynor - Winner!

  • Race: Protoss Protoss
  • League: Master
  • Spawn Location: 11:00

Scarlett

  • Race: Zerg Zerg
  • Spawn Location: 5:00

Event: HomeStory Cup XXIV

VOD

Have the link to the VOD?

Description

Time

  • Played on: Dec. 2, 2023, 3:12 p.m.
  • Length: 25:41

All games in this series

Show
View Real Time Build Order
Export as new Build Order

Reynor Protoss - Winner!

Build Orders: 1 Gate Expand, Oracle Opening, Carriers 

Get SALT Encoding   

  12  0:00  Probe  
  13  0:12  Probe  
  14  0:18  Pylon  
  14  0:24  Probe  
  15  0:36  Probe (Chrono Boost)  
  15  0:40  Gateway  
  16  0:48  Probe (Chrono Boost)  
  17  0:50  Assimilator  
  17  0:54  Probe (Chrono Boost)  
  18  1:04  Probe  
  19  1:16  Probe  
  20  1:28  Nexus  
  20  1:37  Cybernetics Core  
  20  1:41  Probe  
  20  1:47  Assimilator  
  21  1:53  Probe  
  22  2:00  Pylon  
  22  2:05  Probe  
  23  2:15  Adept (Chrono Boost)  
  23  2:20  Stargate, Probe  
  26  2:29  Warp Gate  
  26  2:34  Probe (Chrono Boost)  
  26  2:35  Adept (Chrono Boost)  
  27  2:40  Probe (Chrono Boost)  
  31  2:49  Probe x2 (Chrono Boost)  
  32  2:54  Probe (Chrono Boost)  
  32  2:56  Probe  
  32  2:57  Adept  
  36  3:05  Oracle (Chrono Boost)  
  36  3:06  Probe  
  36  3:09  Probe  
  41  3:17  Gateway  
  41  3:19  Probe  
  42  3:20  Pylon  
  42  3:21  Probe  
  43  3:32  Probe  
  43  3:33  Probe  
  45  3:36  Oracle (Chrono Boost)  
  48  3:44  Probe  
  49  3:50  Nexus  
  49  3:54  Pylon  
  49  3:55  Probe  
  49  3:57  Probe  
  51  4:03  Oracle (Chrono Boost)  
  54  4:12  Probe x2  
  54  4:13  Pylon  
  56  4:17  Adept x2  
  56  4:21  Assimilator  
  56  4:24  Probe x2  
  62  4:36  Probe x2  
  57  4:43  Adept  
  57  4:44  Adept  
  61  4:48  Gateway, Probe  
  61  4:49  Probe  
  61  4:50  Gateway  
  61  4:51  Twilight Council  
  63  5:00  Probe  
  63  5:01  Probe  
  63  5:06  Probe  
  64  5:07  Stalker x2  
  64  5:12  Probe  
  64  5:13  Probe  
  70  5:18  Probe  
  69  5:22  Blink (Chrono Boost), Shield Battery  
  69  5:24  Probe  
  69  5:25  Probe  
  71  5:30  Stalker x2  
  71  5:32  Probe  
  76  5:36  Probe  
  76  5:38  Probe  
  76  5:42  Forge  
  78  5:43  Assimilator  
  78  5:44  Probe  
  78  5:49  Stalker x2, Probe  
  84  5:50  Probe  
  85  5:58  Pylon  
  85  5:59  Pylon  
  85  6:01  Pylon  
  85  6:05  Probe x2  
  85  6:07  Protoss Ground Weapons Level 1 (Chrono Boost)  
  85  6:08  Stalker  
  85  6:14  Assimilator  
  85  6:16  Probe  
  85  6:18  Stalker x3, Assimilator  
  92  6:20  Photon Cannon, Probe x2  
  94  6:28  Probe  
  94  6:32  Stalker, Probe  
  98  6:33  Probe  
  99  6:43  Templar Archives  
  99  6:44  Stalker  
  100  6:51  Stalker  
  102  6:54  Nexus  
  102  6:55  Pylon  
  102  6:57  Psionic Storm  
  102  7:05  Pylon  
  102  7:07  Charge (Chrono Boost)  
  102  7:08  Gateway  
  102  7:09  Gateway  
  102  7:11  Probe x2  
  102  7:12  Probe  
  102  7:13  Gateway  
  102  7:15  Photon Cannon  
  105  7:16  Shield Battery  
  105  7:20  Gateway  
  105  7:24  High Templar x2  
  105  7:25  Probe  
  105  7:27  Photon Cannon  
  105  7:28  Shield Battery  
  110  7:32  High Templar  
  110  7:33  Pylon  
  110  7:35  Photon Cannon  
  112  7:37  Probe x3  
  115  7:44  Photon Cannon  
  115  7:45  High Templar  
  115  7:46  Shield Battery  
  115  7:51  Photon Cannon, Probe x2  
  118  7:52  Photon Cannon, Probe  
  118  7:57  Photon Cannon  
  120  7:59  Shield Battery  
  120  8:00  Phoenix (Chrono Boost)  
  120  8:05  Probe  
  123  8:09  High Templar x2  
  123  8:10  Probe  
  128  8:15  Archon  
  128  8:17  Assimilator  
  128  8:19  Assimilator  
  128  8:21  Photon Cannon  
  128  8:24  Shield Battery  
  128  8:25  Probe  
  129  8:28  Protoss Ground Weapons Level 2 (Chrono Boost)  
  129  8:29  Photon Cannon  
  129  8:30  Photon Cannon  
  129  8:32  High Templar x2, Shield Battery, Photon Cannon  
  133  8:34  Photon Cannon  
  133  8:45  Forge, Pylon  
  133  8:48  Robotics Facility  
  133  8:49  Archon, Probe x2  
  133  8:51  Probe  
  133  8:52  High Templar  
  138  8:56  Probe  
  138  8:59  Zealot x4  
  147  9:08  High Templar x2  
  151  9:13  Archon  
  151  9:14  Pylon, Probe x2  
  151  9:15  Pylon  
  153  9:17  Photon Cannon  
  153  9:18  Photon Cannon  
  153  9:19  Shield Battery  
  153  9:21  Gateway  
  153  9:23  Gateway  
  153  9:25  Protoss Shields Level 1 (Chrono Boost)  
  153  9:26  High Templar, Gateway  
  153  9:29  Gateway  
  155  9:35  High Templar x2, Photon Cannon  
  159  9:41  Observer (Chrono Boost)  
  159  9:42  Archon  
  160  9:56  High Templar  
  160  9:57  High Templar  
  164  10:00  Immortal (Chrono Boost)  
  164  10:02  Archon  
  164  10:05  Nexus  
  164  10:07  Robotics Facility  
  159  10:08  Pylon  
  159  10:14  Zealot x6  
  167  10:29  Observer (Chrono Boost)  
  167  10:33  Zealot x2  
  172  10:36  Zealot x4  
  176  10:49  Immortal (Chrono Boost)  
  152  10:53  Zealot x7  
  152  10:55  Immortal (Chrono Boost), Probe x2  
  166  11:02  High Templar x2  
  166  11:03  Protoss Ground Armor Level 1 (Chrono Boost)  
  170  11:11  Nexus  
  170  11:12  Protoss Air Weapons Level 1, Gateway x2  
  170  11:13  Pylon  
  170  11:14  High Templar x2, Pylon  
  170  11:16  High Templar  
  170  11:17  High Templar x2  
  180  11:19  Archon  
  180  11:21  Archon  
  180  11:26  Pylon  
  180  11:28  Immortal (Chrono Boost)  
  180  11:31  Pylon  
  180  11:32  Pylon, Immortal (Chrono Boost)  
  184  11:33  Photon Cannon  
  184  11:34  High Templar, Photon Cannon  
  184  11:36  Photon Cannon  
  184  11:38  Shield Battery  
  190  11:40  High Templar x2, Archon, Shield Battery  
  190  11:41  Pylon  
  190  11:45  Archon  
  194  11:53  Protoss Shields Level 2 (Chrono Boost)  
  184  12:01  Warp Prism  
  184  12:03  High Templar x2  
  184  12:05  Zealot x5  
  200  12:09  Archon  
  200  12:15  Zealot x3  
  200  12:17  Probe x2  
  196  12:29  Zealot x4  
  196  12:52  Stargate  
  196  12:54  Stargate, Immortal x2 (Chrono Boost)  
  190  13:01  High Templar x2  
  190  13:02  High Templar x2  
  190  13:03  Zealot x6  
  194  13:10  Archon  
  194  13:24  Zealot x5  
  200  13:30  Fleet Beacon  
  182  13:43  Immortal x2 (Chrono Boost)  
  182  13:51  Zealot x11  
  200  13:58  Stargate  
  198  14:03  Probe  
  199  14:19  Protoss Air Weapons Level 2 (Chrono Boost)  
  199  14:34  Assimilator  
  199  14:35  Assimilator  
  199  14:46  Nexus, Protoss Ground Weapons Level 3 (Chrono Boost)  
  199  14:47  Pylon  
  199  14:54  Observer  
  199  14:55  Protoss Shields Level 3 (Chrono Boost)  
  199  14:57  Stargate  
  199  15:01  Shield Battery  
  199  15:03  Shield Battery  
  199  15:06  Photon Cannon  
  197  15:08  Photon Cannon  
  197  15:10  Pylon  
  195  15:28  Carrier (Chrono Boost)  
  195  15:30  Carrier (Chrono Boost)  
  195  15:31  Carrier x2 (Chrono Boost)  
  199  15:50  Photon Cannon  
  199  15:52  Photon Cannon  
  199  15:54  Photon Cannon  
  199  15:55  Photon Cannon  
  195  15:59  Shield Battery  
  195  16:01  Shield Battery  
  195  16:02  Assimilator  
  195  16:07  Carrier (Chrono Boost)  
  191  16:15  Assimilator  
  191  16:18  Pylon  
  191  16:20  Carrier (Chrono Boost)  
  197  16:31  Photon Cannon  
  197  16:33  Photon Cannon  
  197  16:34  Shield Battery  
  197  16:36  Cybernetics Core, Shield Battery  
  197  16:38  Pylon, Protoss Air Weapons Level 3 (Chrono Boost)  
  197  16:40  Pylon  
  196  17:15  Carrier (Chrono Boost)  
  194  17:30  Nexus  
  194  17:32  Pylon  
  194  17:41  Carrier  
  196  17:52  Mothership (Chrono Boost)  
  195  18:03  Protoss Air Armor Level 1 (Chrono Boost)  
  195  18:05  Carrier  
  189  18:14  Nexus, Photon Cannon  
  189  18:15  Photon Cannon  
  189  18:17  Photon Cannon  
  189  18:18  Shield Battery  
  195  18:36  Protoss Ground Armor Level 2  
  195  18:50  Observer  
  195  18:54  High Templar x2  
  199  19:05  Pylon  
  199  19:07  Pylon  
  199  19:10  Pylon  
  199  19:16  Assimilator  
  181  20:11  Zealot x10  
  199  20:23  Assimilator  
  199  20:27  Stargate x2  
  199  20:32  Stargate  
  195  20:44  High Templar x2  
  199  20:50  Pylon  
  199  20:51  Pylon  
  183  21:12  Assimilator  
  183  21:14  Tempest x2 (Chrono Boost), Assimilator  
  183  21:15  Tempest (Chrono Boost)  
  183  21:16  Observer x2 (Chrono Boost)  
  183  21:17  Photon Cannon  
  200  21:19  Photon Cannon  
  200  21:21  Photon Cannon  
  200  21:23  Photon Cannon  
  200  21:25  Photon Cannon x2  
  200  21:26  Photon Cannon  
  200  21:27  Photon Cannon  
  200  21:28  Photon Cannon  
  200  21:29  Photon Cannon  
  200  21:30  Shield Battery  
  200  21:32  Photon Cannon  
  200  21:33  Photon Cannon  
  200  21:35  Photon Cannon  
  200  21:36  Protoss Ground Armor Level 3 (Chrono Boost)  
  200  21:37  Pylon  
  200  21:39  Photon Cannon  
  197  21:41  Shield Battery  
  197  21:42  Photon Cannon  
  197  21:44  Shield Battery  
  197  21:46  Shield Battery  
  193  21:48  Shield Battery  
  197  22:06  Void Ray  
  197  22:07  Protoss Air Armor Level 2 (Chrono Boost)  
  197  22:10  Pylon  
  197  22:14  Pylon  
  197  22:21  Observer  
  197  22:35  Observer  
  197  22:39  Pylon  
  197  22:56  Pylon  
  197  23:12  Gateway  
  197  23:14  Gateway  
  197  23:16  Gateway  
  197  23:17  Observer  
  197  23:18  Gateway  
  197  23:24  Gateway  
  197  23:25  Gateway  
  195  23:27  Gateway  
  195  23:29  Gateway  
  195  23:31  Gateway  
  195  23:34  High Templar x2, Gateway  
  195  23:39  Shield Battery  
  199  23:41  Shield Battery  
  199  23:43  Shield Battery  
  199  23:45  Shield Battery  
  199  23:46  Shield Battery  
  199  23:48  Shield Battery  
  195  23:58  Nexus  
  195  23:59  Pylon  
  178  24:40  Zealot x6  
  178  24:41  Zealot x6  
  191  24:53  Shield Battery  
  191  24:55  Shield Battery  
  191  24:57  Stalker x4  
  191  24:59  Shield Battery  
  199  25:04  Pylon  
  199  25:05  Stalker x4  
  199  25:06  Stalker x3  
  173  25:21  Stalker x4  
  173  25:22  Stalker x4  
  168  25:30  Zealot x14  
  190  25:37  Unknown  
Show
View Real Time Build Order
Export as new Build Order

Scarlett Zerg 

Build Orders: Hatch First, Lurkers 

Get SALT Encoding   

  12  0:00  Drone  
  13  0:12  Overlord  
  13  0:17  Drone  
  14  0:30  Drone x2  
  16  0:42  Drone  
  17  0:51  Hatchery  
  17  0:53  Drone  
  17  0:57  Drone  
  18  1:08  Extractor  
  17  1:12  Spawning Pool  
  17  1:16  Drone  
  17  1:18  Drone  
  18  1:27  Drone  
  19  1:38  Drone  
  20  1:48  Overlord  
  20  1:59  Queen  
  22  2:03  Zergling x2, Queen  
  22  2:04  Drone  
  26  2:12  Zergling x2  
  26  2:13  Metabolic Boost, Drone  
  28  2:25  Drone x2  
  30  2:35  Drone  
  31  2:39  Drone  
  31  2:41  Queen  
  34  2:46  Hatchery  
  34  2:49  Overlord  
  33  2:53  Zergling x2  
  33  2:56  Zergling x2  
  35  3:05  Zergling x2  
  36  3:08  Queen  
  36  3:09  Overlord  
  36  3:11  Drone x2  
  40  3:14  Drone  
  40  3:16  Drone  
  42  3:21  Queen  
  44  3:30  Overlord, Drone  
  44  3:31  Drone  
  44  3:32  Drone  
  47  3:40  Drone  
  48  3:47  Drone x4  
  52  3:50  Queen  
  52  3:54  Drone x4  
  58  4:03  Queen  
  60  4:10  Overlord  
  60  4:13  Spore Crawler, Drone x3, Overlord  
  62  4:18  Drone  
  62  4:19  Spore Crawler  
  62  4:20  Spore Crawler, Drone  
  62  4:23  Evolution Chamber, Drone  
  62  4:36  Drone x7  
  65  4:46  Drone x3, Overlord  
  65  4:52  Zerg Melee Weapons Level 1  
  64  5:01  Drone  
  64  5:06  Drone x10  
  73  5:12  Spore Crawler  
  71  5:15  Drone x5  
  74  5:22  Drone x2  
  74  5:27  Queen  
  78  5:37  Lair, Queen  
  78  5:38  Drone x5  
  78  5:41  Zergling x4, Hatchery  
  86  5:47  Zergling x8  
  90  5:52  Extractor x2  
  90  5:53  Extractor x2, Drone x4  
  90  5:57  Extractor  
  88  6:05  Drone x2  
  88  6:09  Overlord  
  90  6:13  Overlord x2  
  90  6:19  Overlord  
  90  6:21  Hatchery  
  90  6:22  Drone  
  90  6:27  Hatchery  
  90  6:28  Drone  
  90  6:29  Drone x8  
  98  6:35  Zergling x16  
  98  6:36  Overlord  
  106  6:42  Infestation Pit  
  106  6:43  Hydralisk Den  
  105  6:47  Zergling x6  
  105  6:52  Zergling x2  
  105  6:53  Zergling x6  
  110  6:58  Zerg Missile Weapons Level 1  
  110  7:06  Zergling x18  
  118  7:10  Muscular Augments  
  118  7:12  Hatchery  
  117  7:17  Lurker Den  
  117  7:20  Hatchery  
  115  7:25  Drone x6  
  121  7:33  Drone x6  
  121  7:35  Hive  
  127  7:42  Overlord x3  
  127  7:43  Overlord x2  
  127  7:48  Hydralisk x3  
  133  7:51  Extractor, Drone  
  133  7:53  Extractor  
  133  7:54  Drone  
  133  7:58  Overlord  
  133  7:59  Overlord x2  
  133  8:01  Drone x3  
  136  8:11  Hydralisk x9  
  154  8:18  Hydralisk x4  
  156  8:28  Lurker x3  
  158  8:36  Spine Crawler, Drone  
  158  8:37  Spine Crawler, Drone x4  
  158  8:38  Lurker x3, Spine Crawler  
  158  8:39  Lurker x2, Spine Crawler  
  164  8:51  Seismic Spines  
  164  8:56  Evolution Chamber  
  164  8:57  Zerg Missile Weapons Level 2  
  163  9:08  Drone  
  163  9:10  Adrenal Glands  
  163  9:15  Extractor  
  162  9:17  Grooved Spines  
  162  9:20  Spine Crawler  
  162  9:21  Zerg Melee Weapons Level 2  
  162  9:23  Lurker x2  
  163  9:24  Zergling x54  
  163  9:29  Zergling x12  
  196  9:43  Zergling x8  
  196  9:44  Pneumatized Carapace, Overlord  
  196  9:45  Overseer x3  
  200  9:48  Adaptive Talons  
  191  10:18  Spire  
  187  10:26  Hydralisk  
  187  10:27  Hydralisk x8  
  193  10:41  Hydralisk x6  
  199  10:47  Hydralisk x8  
  199  10:48  Zergling x16  
  189  10:53  Zergling x48  
  191  10:58  Overlord  
  191  10:59  Overlord  
  191  11:05  Overlord  
  191  11:06  Extractor  
  190  11:15  Overlord  
  189  11:22  Lurker x5  
  189  11:25  Lurker x6  
  199  11:31  Overseer  
  199  11:32  Overseer  
  199  11:33  Greater Spire  
  199  11:46  Lurker  
  200  11:51  Extractor  
  200  11:52  Lurker  
  199  11:54  Extractor  
  199  11:57  Lurker  
  199  11:58  Lurker  
  199  12:00  Zerg Missile Weapons Level 3  
  199  12:01  Zerg Ground Armor Level 1  
  185  12:19  Lurker x6  
  176  12:23  Lurker  
  176  12:25  Zergling x46  
  199  12:35  Spine Crawler x2  
  193  12:40  Overlord x2  
  193  12:50  Lurker  
  192  12:53  Hydralisk x8  
  195  12:58  Overlord x2  
  195  12:59  Hydralisk x2  
  194  13:10  Zerg Flyer Weapons Level 1  
  186  13:33  Spore Crawler  
  185  13:36  Hydralisk x13  
  185  13:39  Hatchery  
  160  13:49  Lurker x2  
  162  13:56  Hydralisk x4  
  162  14:02  Drone x3  
  170  14:09  Drone x6  
  176  14:17  Corruptor x6  
  176  14:21  Spine Crawler  
  176  14:22  Spine Crawler  
  176  14:23  Spine Crawler  
  176  14:24  Lurker x3  
  186  14:25  Overseer  
  186  14:28  Lurker x12  
  200  14:52  Overseer  
  200  14:53  Overseer x2  
  200  14:57  Zerg Ground Armor Level 2  
  200  14:58  Zerg Melee Weapons Level 3  
  193  15:21  Drone x6  
  191  15:22  Drone  
  191  15:27  Brood Lord x4  
  200  15:46  Spine Crawler  
  200  15:47  Spine Crawler  
  198  15:56  Zerg Flyer Weapons Level 2  
  198  16:00  Overlord  
  198  16:01  Overlord  
  198  16:18  Brood Lord  
  200  16:26  Spine Crawler  
  200  16:27  Spore Crawler  
  200  16:30  Spine Crawler  
  197  16:33  Spine Crawler  
  197  16:34  Brood Lord  
  197  16:35  Spine Crawler, Spire  
  197  16:37  Spine Crawler  
  195  16:40  Hatchery  
  194  17:00  Corruptor  
  194  17:01  Corruptor x2  
  191  17:09  Hatchery  
  191  17:15  Corruptor x11  
  196  17:34  Overlord x4  
  182  17:50  Corruptor x9  
  188  18:04  Corruptor x6  
  192  18:12  Corruptor x2  
  189  18:20  Zerg Flyer Weapons Level 3  
  189  18:25  Drone x2  
  188  18:35  Corruptor x2  
  192  18:49  Viper x2  
  192  19:17  Brood Lord  
  192  19:18  Zerg Flyer Armor Level 1  
  191  19:34  Corruptor x4  
  197  19:41  Overlord  
  197  19:42  Corruptor x3  
  186  20:03  Corruptor x7  
  195  20:23  Drone x5  
  200  20:36  Spore Crawler, Extractor  
  200  20:40  Hatchery  
  182  20:47  Drone x15  
  182  20:48  Drone x2  
  176  20:59  Drone  
  176  21:00  Drone x4  
  177  21:22  Brood Lord x2  
  178  21:52  Overseer x3  
  178  22:06  Hatchery  
  174  22:44  Spawning Pool  
  173  22:47  Infestor  
  173  22:48  Hatchery, Neural Parasite, Infestor x4  
  182  22:52  Brood Lord x2  
  182  22:53  Brood Lord  
  182  22:54  Overlord x2  
  182  22:55  Corruptor  
  190  23:18  Hatchery  
  187  24:11  Spore Crawler  
  178  24:35  Hatchery  
  141  25:05  Drone x12  
  136  25:19  Drone  
Tags
 
Add a new tag
Caveats
  • Supply blocks, unpowered buildings, or Contaminate may cause inaccurate times.
  • Supply counts are checked every 10 seconds.